Map: Port Aleksander LE

Players

Lambo

  • Race: Zerg Zerg
  • Spawn Location: 5:00

Probe - Winner!

  • Race: Protoss Protoss
  • Spawn Location: 11:00

Event: 2019 WCS Spring

VOD

Have the link to the VOD?

Description

Time

  • Played on: May 17, 2019, 2:56 p.m.
  • Length: 8:01

All games in this series

Show
View Real Time Build Order
Export as new Build Order

Lambo Zerg 

Build Orders: Hatch First 

Get SALT Encoding   

  12  0:00  Drone  
  13  0:12  Overlord  
  13  0:17  Drone  
  14  0:30  Drone x2  
  16  0:48  Hatchery  
  15  0:52  Drone  
  15  0:56  Drone  
  17  1:00  Drone  
  18  1:10  Extractor  
  17  1:14  Spawning Pool  
  17  1:18  Drone  
  17  1:21  Drone  
  18  1:29  Drone  
  19  1:39  Drone  
  20  2:09  Drone x2  
  22  2:16  Spine Crawler  
  21  2:25  Hatchery  
  21  2:26  Roach Warren  
  21  2:27  Drone  
  20  2:34  Drone x2  
  23  2:49  Hatchery  
  22  2:55  Metabolic Boost  
  22  3:04  Overlord  
  23  3:21  Hatchery, Queen  
  23  3:25  Zergling x6  
  26  3:39  Drone  
  28  3:49  Drone  
  28  3:50  Evolution Chamber  
  28  3:59  Drone  
  28  4:00  Hatchery  
  28  4:01  Queen  
  30  4:12  Overlord  
  30  4:15  Spore Crawler  
  29  4:22  Drone  
  30  4:27  Zerg Melee Weapons Level 1  
  30  4:31  Drone x3  
  32  4:35  Zergling x2  
  34  4:43  Drone  
  35  4:46  Spore Crawler  
  33  4:53  Drone x2  
  33  4:59  Spore Crawler  
  32  5:01  Drone x2  
  32  5:04  Drone  
  32  5:07  Queen  
  30  5:10  Drone  
  30  5:13  Drone  
  34  5:19  Drone x2  
  34  5:21  Drone  
  37  5:23  Drone  
  38  5:29  Drone  
  38  5:33  Spore Crawler  
  38  5:34  Drone x2  
  40  5:37  Drone  
  41  5:47  Overlord  
  41  5:51  Overlord  
  41  6:04  Overlord  
  41  6:05  Queen  
  41  6:06  Overlord  
  41  6:09  Overlord, Zergling x2  
  41  6:10  Zergling x6  
  47  6:12  Drone x2  
  47  6:15  Zergling x2  
  47  6:17  Drone  
  51  6:21  Zergling x2  
  52  6:28  Drone x2  
  52  6:31  Zergling x2  
  52  6:32  Baneling Nest  
  54  6:34  Overlord  
  52  6:41  Drone x3  
  52  6:51  Drone x3  
  52  6:53  Drone  
  52  6:57  Drone  
  52  7:01  Drone  
  50  7:03  Drone  
  51  7:09  Spore Crawler, Drone  
  51  7:10  Drone  
  51  7:14  Drone x2  
  53  7:16  Drone x2  
  53  7:19  Drone x2  
  57  7:25  Drone x2  
  57  7:26  Drone  
  60  7:37  Zergling x10  
  60  7:38  Extractor  
  60  7:39  Baneling  
  60  7:40  Baneling  
  60  7:42  Zergling x2  
Show
View Real Time Build Order
Export as new Build Order

Probe Protoss - Winner!

Build Orders:  

Get SALT Encoding   

  12  0:00  Probe  
  13  0:12  Probe  
  14  0:20  Pylon  
  14  0:24  Probe  
  15  0:29  Assimilator  
  15  0:34  Probe  
  16  0:44  Probe  
  16  0:45  Gateway  
  17  0:55  Probe  
  18  1:03  Forge  
  18  1:07  Probe  
  19  1:19  Probe  
  19  1:24  Pylon  
  20  1:26  Pylon  
  20  1:33  Pylon  
  20  1:34  Pylon  
  20  1:36  Probe  
  21  1:45  Photon Cannon  
  21  1:52  Pylon  
  21  2:01  Photon Cannon  
  21  2:02  Photon Cannon  
  20  2:12  Cybernetics Core  
  20  2:15  Zealot, Probe  
  23  2:28  Probe  
  24  2:32  Assimilator  
  24  2:40  Probe  
  24  2:42  Pylon  
  25  2:46  Stalker  
  27  2:53  Pylon  
  27  2:59  Probe  
  28  3:12  Photon Cannon  
  28  3:15  Warp Gate  
  28  3:27  Stargate  
  28  3:48  Nexus  
  27  3:57  Probe  
  27  4:00  Oracle  
  28  4:05  Probe  
  29  4:13  Probe  
  33  4:24  Twilight Council  
  33  4:25  Probe  
  34  4:36  Oracle  
  34  4:37  Probe  
  38  4:49  Probe  
  37  5:01  Probe x2  
  39  5:10  Oracle  
  39  5:13  Probe x2, Gateway  
  41  5:14  Gateway  
  44  5:22  Sentry  
  44  5:25  Probe  
  44  5:26  Probe  
  48  5:38  Probe x2  
  48  5:40  Resonating Glaives  
  50  5:45  Pylon  
  50  5:50  Probe x2  
  50  5:52  Adept  
  54  6:00  Gateway  
  54  6:01  Pylon  
  54  6:02  Probe  
  54  6:03  Gateway  
  54  6:04  Probe  
  56  6:14  Adept x3  
  62  6:18  Pylon  
  62  6:31  Gateway  
  62  6:33  Gateway  
  62  6:35  Pylon  
  62  6:42  Adept x3  
  57  6:59  Adept  
  57  7:00  Adept  
  58  7:03  Robotics Facility  
  58  7:04  Assimilator x2  
  58  7:08  Adept x3  
  64  7:19  Pylon  
  64  7:21  Adept x2  
  68  7:32  Adept x2  
  72  7:51  Adept x3  
  74  7:52  Adept  
Tags
 
Add a new tag
Caveats
  • Supply blocks, unpowered buildings, or Contaminate may cause inaccurate times.
  • Supply counts are checked every 10 seconds.